 Dungeon Crawl Stone Soup version 0.30-b1-2-g02819fbbbe (webtiles) character file.

Game seed: 12048464718508909956

6004 erloom the Destroyer (level 10, -2/59 HPs)
             Began as a Deep Elf Conjurer on May 23, 2023.
             Was a Believer of Sif Muna.
             Slain by a boulder beetle (31 damage)
             ... on level 11 of the Dungeon on May 27, 2023.
             The game lasted 00:47:49 (14551 turns).

erloom the Destroyer (Deep Elf Conjurer)           Turns: 14551, Time: 00:47:50

Health: -2/59      AC: 14    Str:  6    XL:     10   Next: 56%
Magic:  2/25       EV: 15    Int: 29    God:    Sif Muna [**....]
Gold:   390        SH:  0    Dex: 18    Spells: 15/28 levels left

rFire   . . .        B - +1 short sword (protect)
rCold   . . .        (no shield)
rNeg    . . .        L - +0 steam dragon scales
rPois   .            y - +2 helmet {Int+3}
rElec   .            (no cloak)
rCorr   .            E - +0 pair of gloves
SInv    .            F - +0 pair of boots of Sox Sarph {Dex+5}
Will    ++...        (no amulet)
Stlth   +++          J - ring of willpower
HPRegen 0.29/turn    A - +4 ring of protection
MPRegen 0.19/turn

%: no passive effects
@: no status effects
A: no striking features
a: Renounce Religion, Channel Magic


You were on level 11 of the Dungeon.
You worshipped Sif Muna.
Sif Muna was pleased with you.
You visited 2 branches of the dungeon, and saw 12 of its levels.

You collected 646 gold pieces.
You spent 256 gold pieces at shops.

Inventory:

Hand Weapons
 B - a +1 short sword of protection (weapon)
 K - a +2 war axe of flaming
 P - a +4 spear of venom
Missiles
 g - 5 silver javelins
Armour
 a - a +0 robe
 t - a +0 pair of boots
 y - a +2 helmet of intelligence (worn)
 E - a +0 pair of gloves (worn)
 F - the +0 pair of boots of Sox Sarph (worn) {Dex+5}
   (You bought it in a shop on level 7 of the Dungeon)

   Dex:       It affects your dexterity (+5).
 H - a +1 leather armour of poison resistance
 L - +0 steam dragon scales (worn)
 O - an orb of energy
Jewellery
 b - a ring of positive energy
 o - a +6 ring of dexterity
 A - a +4 ring of protection (right hand)
 C - a ring of flight
 J - a ring of willpower (left hand)
Wands
 v - a wand of polymorph (8)
 M - a wand of charming (9)
Scrolls
 c - a scroll of brand weapon {unknown}
 d - 2 scrolls of teleportation {unknown}
 e - a scroll of poison {unknown}
 k - 3 scrolls of vulnerability {unknown}
 m - a scroll of immolation {unknown}
 n - a scroll of blinking {unknown}
 p - 2 scrolls of magic mapping
 r - 4 scrolls of amnesia {unknown}
 u - 2 scrolls of enchant armour {unknown}
 x - a scroll of fear {unknown}
 D - 2 scrolls of enchant weapon {unknown}
 G - 2 scrolls of fog {unknown}
 Q - a scroll of noise
Potions
 f - 5 potions of flight {unknown}
 h - 3 potions of lignification
 i - a potion of haste {unknown}
 j - a potion of heal wounds
 l - 2 potions of attraction
 q - 2 potions of curing
 s - a potion of berserk rage
 w - 3 potions of might
 z - a potion of resistance
 I - a potion of cancellation
 N - a potion of invisibility {unknown}


   Skills:
 - Level 5.0 Fighting
 - Level 6.0 Dodging
 - Level 4.0 Stealth
 + Level 9.7 Spellcasting
 + Level 10.6 Conjurations
 - Level 7.0 Hexes
 - Level 4.0 Air Magic
 + Level 4.0 Invocations


You had 15 spell levels left.
You knew the following spells:

 Your Spells              Type           Power      Damage    Failure   Level
a - Magic Dart            Conj           100%       1d8       1%          1
b - Searing Ray           Conj           100%       2d8       1%          2
c - Dazzling Flash        Conj/Hex       100%       N/A       1%          3
d - Fulminant Prism       Conj/Hex       30%        3d16      1%          4
e - Swiftness             Air            37%        N/A       2%          3

Your spell library contained the following spells:

 Spells                   Type           Power      Damage    Failure   Level
 Ensorcelled Hibernation  Hex/Ice        68%        N/A       1%          2
 Hailstorm                Conj/Ice       45%        3d10      1%          3
 Stone Arrow              Conj/Erth      90%        3d12      1%          3
 Tukima's Dance           Hex            53%        N/A       1%          3
 Apportation              Tloc           28%        N/A       3%          1
 Freeze                   Ice            56%        1d7       3%          1
 Necrotise                Necr           56%        1d6       3%          1
 Summon Small Mammal      Summ           56%        N/A       3%          1
 Iskenderun's Mystic Bla  Conj/Tloc      45%        2d10      4%          4
 Passwall                 Tmut/Erth      11%        N/A       6%          2
 Leda's Liquefaction      Hex/Erth       17%        N/A       9%          4
 Frozen Ramparts          Ice            28%        1d5       12%         3
 Yara's Violent Unravell  Hex/Tmut       17%        3d8       26%         5
 Animate Armour           Summ/Erth      28%        N/A       36%         4
 Olgreb's Toxic Radiance  Pois           14%        N/A       36%         4
 Passage of Golubria      Tloc           14%        N/A       36%         4
 Lee's Rapid Deconstruct  Erth           7%         3d6*      71%         5
 Statue Form              Tmut/Erth      9%         N/A       99%         6
 Discord                  Hex            26%        N/A       100%        8
 Ignition                 Fire           7%         3d4       100%        8
 Lehudib's Crystal Spear  Conj/Erth      22%        10d6      100%        8


Dungeon Overview and Level Annotations

Branches:
Dungeon (11/15)            Temple (1/1) D:4            Lair (0/5) D:11
    Orc: D:9-12

Altars:
Ashenzari
Cheibriados
Dithmenos
Elyvilon
Fedhas
Gozag
Hepliaklqana
Kikubaaqudgha
Makhleb
Nemelex Xobeh
Okawaru
Qazlal
Ru
Sif Muna
Trog
Uskayaw
Vehumet
Wu Jian
Xom
Yredelemnul
Zin
The Shining One

Shops:
D:7 [   D:11 =

Portals:
Trove: D:11 (give 5 scrolls of fog)

Annotations:
D:8 Erica
D:9 2 transporters, adept's ghost, novice DjCj
D:10 2 transporters, VincentAMV's ghost, journeyman GrFi


Message History

Unknown command.
Casting: Searing Ray (safe; 1% risk of failure)
Confirm with . or Enter, or press ? or * to list all spells.
Restarting spell: Searing Ray (safe; 1% risk of failure)
Press: ? - help, Shift-Dir - straight line, f/p - boulder beetle
Aim: a boulder beetle (almost dead, 100% to hit)
The searing ray hits the boulder beetle.
The boulder beetle is almost dead. (Press . to maintain the ray.)
The boulder beetle leaps!
The boulder beetle curls into a ball and begins rolling!
Casting: Searing Ray (safe; 1% risk of failure)
Confirm with . or Enter, or press ? or * to list all spells.
Okay, then.
Casting: Searing Ray (safe; 1% risk of failure)
Confirm with . or Enter, or press ? or * to list all spells.
Aiming: Fulminant Prism (dangerous; 1% risk of failure)
Press: ? - help, Dir - move target, p - boulder beetle You conjure a prism of explosive energy!
A fulminant prism comes into view.
A centaur comes into view.
The centaur wields a +0 shortbow.
The centaur shoots an arrow.
The arrow closely misses you.
The centaur shoots an arrow.
The arrow completely misses you.
Your fulminant prism crackles loudly.
The centaur shoots an arrow.
The arrow hits you.
You hear an explosion!
Unknown command.
Unknown command.
Unknown command.
Casting: Fulminant Prism (dangerous; 1% risk of failure)
Confirm with . or Enter, or press ? or * to list all spells.
Aiming: Magic Dart (safe; 1% risk of failure)
Press: ? - help, Shift-Dir - straight line, f - boulder beetle
Aim: a boulder beetle (almost dead, rolling, 100% to hit)
The magic dart hits the boulder beetle but does no damage.
The boulder beetle is almost dead.
The boulder beetle hits you!!
Ouch! That really hurt!
You die...

#....................##
#.......######...##.###
#.......<......#......<
#...c...######.#####.##
###.......# #.# #.##
#.........# #.# #.##
#..8......# #.# #..#
#.8.8.##.## #.# ##..
#8.∩.8##@# #$. ..
##.8°8○.#B# ### ##
#.○...8°*○°.#
#.########### #


You could see a boulder beetle (rolling) and a centaur.

Vanquished Creatures
  Maggie (D:8)
  4 wyverns
  12 yaks
  2 wraiths
  Eustachio (D:6)
  A steam dragon (D:8)
  4 orc warriors
  A sky beast (D:7)
  An ice beast (D:6)
  2 centaurs
  2 phantoms
  4 kobold brigands
  2 bullfrogs
  2 gnoll sergeants
  4 scorpions
  A vampire bat (D:8)
  7 howler monkeys
  2 hounds (D:5)
  A jelly (D:7)
  A gnoll bouda (D:7)
  4 orc priests
  3 iguanas (D:5)
  3 sleepcaps
  6 orc wizards
  17 gnolls
  8 adders
  3 shadow imps
  2 white imps
  2 worms
  3 dart slugs
  32 orcs
  7 ball pythons
  6 bats
  2 bat skeletons (D:8)
  3 bat zombies (D:8)
  6 endoplasms
  7 goblins
  6 hobgoblins
  2 quokkas
  4 frilled lizards
  21 kobolds
  4 rats
206 creatures vanquished.

Vanquished Creatures (others)
  72 fulminant prisms
72 creatures vanquished.

Grand Total: 278 creatures vanquished

Notes
Turn   | Place    | Note
-------+----------+-------------------------------------------
     0 | D:1      | erloom the Deep Elf Conjurer began the quest for the Orb.
     0 | D:1      | Reached XP level 1. HP: 10/10 MP: 6/6
   205 | D:1      | Reached XP level 2. HP: 15/15 MP: 4/8
   971 | D:1      | Learned a level 2 spell: Searing Ray
  1022 | D:2      | Reached skill level 5 in Conjurations
  1022 | D:2      | Reached XP level 3. HP: 19/19 MP: 3/10
  1443 | D:2      | Found a faded altar of an unknown god.
  2061 | D:3      | Learned a level 3 spell: Dazzling Flash
  2128 | D:3      | Reached XP level 4. HP: 24/24 MP: 10/12
  2844 | D:3      | Reached skill level 5 in Spellcasting
  3167 | D:4      | Reached XP level 5. HP: 28/28 MP: 10/15
  3338 | D:4      | Found a shadowy altar of Dithmenos.
  3361 | D:4      | Reached skill level 6 in Conjurations
  3399 | D:4      | Reached skill level 1 in Hexes
  4023 | D:4      | Found a staircase to the Ecumenical Temple.
  4065 | D:5      | Entered Level 5 of the Dungeon
  4175 | D:5      | Reached XP level 6. HP: 19/32 MP: 4/17
  5204 | D:5      | Reached XP level 7. HP: 36/36 MP: 12/19
  5801 | D:6      | Reached skill level 1 in Fighting
  6184 | D:6      | Learned a level 4 spell: Fulminant Prism
  6399 | D:6      | Reached skill level 7 in Conjurations
  6532 | D:6      | Found a glowing silver altar of Zin.
  6565 | D:6      | Found a blossoming altar of Fedhas.
  6640 | D:6      | Noticed a wyvern
  6820 | D:6      | Noticed Eustachio
  6986 | D:7      | Reached skill level 5 in Hexes
  6986 | D:7      | Reached XP level 8. HP: 38/44 MP: 7/20
  7421 | D:7      | Reached skill level 8 in Conjurations
  7885 | D:7      | Found Jiotawowk's Antique Armour Shop.
  7890 | D:7      | Bought a pair of masterwork boots for 256 gold pieces
  7890 | D:7      | Identified the +0 pair of boots of Sox Sarph {Dex+5} (You
                  | bought it in a shop on level 7 of the Dungeon)
  8270 | D:8      | Found a shimmering altar of Xom.
  8273 | D:8      | Found a stormy altar of Qazlal.
  8276 | D:8      | Found a sparkling altar of Nemelex Xobeh.
  8494 | Temple   | Entered the Ecumenical Temple
  8697 | Temple   | Became a worshipper of Sif Muna the Loreminder
  8798 | D:6      | Killed Eustachio
  8799 | D:6      | Reached skill level 9 in Conjurations
  8875 | D:6      | Found a basalt altar of Yredelemnul.
  9173 | D:8      | Found an iron altar of Okawaru.
  9443 | D:8      | Found an ancient bone altar of Kikubaaqudgha.
  9560 | D:8      | Noticed Maggie
  9584 | D:8      | Killed Maggie
  9585 | D:8      | Reached XP level 9. HP: 51/51 MP: 0/21
  9844 | D:8      | Found a hazy altar of Hepliaklqana.
 10020 | D:8      | Reached skill level 5 in Dodging
 10398 | D:8      | Reached skill level 5 in Fighting
 10466 | D:8      | Noticed Erica
 10957 | D:9      | Learned a level 3 spell: Swiftness
 11042 | D:9      | Reached skill level 1 in Air Magic
 11315 | D:7      | Reached * piety under Sif Muna
 11649 | D:9      | Found a transporter.
 11693 | D:9      | Reached XP level 10. HP: 59/59 MP: 11/24
 11696 | D:9      | Reached skill level 1 in Invocations
 11826 | D:9      | Reached skill level 10 in Conjurations
 12195 | D:9      | Noticed a toenail golem
 12237 | D:9      | Noticed a toenail golem
 12249 | D:9      | Noticed a skeletal warrior
 12257 | D:9      | Found a transporter.
 12396 | D:9      | Noticed a great orb of eyes
 12418 | D:9      | Noticed adept's ghost (novice DjCj)
 12917 | D:10     | Entered Level 10 of the Dungeon
 13029 | D:10     | Found a radiant altar of Vehumet.
 13249 | D:10     | Noticed a deep troll
 13251 | D:10     | Found a transporter.
 13251 | D:10     | Noticed VincentAMV's ghost (journeyman GrFi)
 13326 | D:10     | Reached ** piety under Sif Muna
 14137 | D:10     | Found a transporter.
 14280 | D:11     | Noticed a boulder beetle
 14280 | D:11     | Found Ythamump's Jewellery Shop.
 14280 | D:11     | Found a portal to a secret trove of treasure.
 14512 | D:11     | Found a staircase to the Lair.
 14512 | D:11     | Noticed a fire crab
 14551 | D:11     | Slain by a boulder beetle

Illustrated notes

Levels and vault maps discovered:
D:1:      onia_arrival_pentagram, layout_basic
D:2:      layout_basic, hellmonk_ecumenical_altar_inner_sanctum
D:3:      layout_loops_ring, kennysheep_small_spiral
D:4:      layout_basic, mainiacjoe_overflow_24_doors,
          minmay_temple_entry_from_below_b
D:5:      layout_basic
D:6:      layout_basic, nicolae_overflow_hidden_temple, uniq_eustachio
D:7:      layout_loops_cross, serial_shops, nicolae_shop_just_a_little_nook
D:8:      layout_cave_pods, lemuel_coloured_pillars_altar,
          kennysheep_vampire_church, grunt_temple_overflow_cloverleaf,
          uniq_erica, uniq_maggie
D:9:      layout_basic, gammafunk_ghost_abyssal_escape, grunt_ministairs_8,
          minmay_holes
D:10:     layout_loops_ring, vehumet_crystals, gammafunk_ghost_arena
D:11:     layout_basic, minmay_lair_entry_lava, orc_0_dummy, enter_trove_2,
          serial_shops, shop, minivault_25
Temple:   grunt_temple_mini_profane

Skill      XL: |  1  2  3  4  5  6  7  8  9 10 |
---------------+-------------------------------+-----
Spellcasting   | 4 5 6 7 8 9 |  9.7
Conjurations   | 5 6 7 9 10 | 10.6
Hexes          | 1 3 5 7 |  7.0
Dodging        | 3 4 6 |  6.0
Stealth        | 4 |  4.0
Fighting       | 2 3 5 |  5.0
Air Magic      | 2 4 |  4.0
Invocations    | 4 |  4.0

Action                     |  1- 3 |  4- 6 |  7- 9 | 10-12 || total
---------------------------+-------+-------+-------+-------++-------
  Melee: Short sword       |       |       |     9 |       ||     9
   Cast: Magic Dart        |    64 |    83 |   124 |    54 ||   325
         Searing Ray       |     6 |    19 |    42 |    20 ||    87
         Dazzling Flash    |       |     2 |    18 |     1 ||    21
         Fulminant Prism   |       |       |    43 |    29 ||    72
         Swiftness         |       |       |       |     2 ||     2
    Use: Scroll            |       |       |     5 |     5 ||    10
         Potion            |       |       |     1 |       ||     1
 Armour: Robe              |     2 |     6 |    26 |       ||    34
         Steam dragon scal |       |       |    14 |     6 ||    20
  Dodge: Dodged            |     5 |    19 |    87 |    41 ||   152
